 Dungeon Crawl Stone Soup version 0.31-a0-640-g39d97e502b (webtiles) character file.

Game seed: 8117933380251198215

4683 ryw the Grappler (level 10, 0/102 (104) HPs)
             Began as a Troll Fighter on Aug 28, 2023.
             Was a Follower of Okawaru.
             Slain by a vampire mosquito (2 damage)
             ... on level 7 of the Dungeon.
             The game lasted 00:11:28 (5900 turns).

ryw the Grappler (Troll Fighter)                    Turns: 5900, Time: 00:11:29

HP:   0/102 (104)   AC:  7    Str: 30    XL:     10   Next: 21%
MP:   10/10         EV:  9    Int:  4    God:    Okawaru [*.....]
Gold: 154           SH:  9    Dex:  9    Spells: 9/9 levels left

rFire   . .          .
                       - Unarmed
rCold   . . .        b - +0 kite shield
rNeg    . . .        c - +0 steam dragon scales
rPois   .            (helmet restricted)
rElec   .            (no cloak)
rCorr   .            (gloves unavailable)
SInv    .            (boots unavailable)
Will    .....        f - amulet of regeneration
Stlth   +            (no ring)
HPRegen 1.97/turn    (no ring)
MPRegen 0.12/turn

%: no passive effects
@: about to teleport, lightly drained
A: large, unfitting armour, claws 3, regeneration 1, shaggy fur 1, tough skin 1
a: Renounce Religion, Heroism


You were on level 7 of the Dungeon.
You worshipped Okawaru.
Okawaru was aware of your devotion.
You visited 2 branches of the dungeon, and saw 9 of its levels.

You collected 286 gold pieces.
You spent 132 gold pieces at shops.

Inventory:

Missiles
 u - 12 poisoned darts (quivered)
Armour
 b - a +0 kite shield (worn)
 c - +0 steam dragon scales (worn)
Jewellery
 f - an amulet of regeneration (around neck)
 q - an amulet of reflection
 w - an amulet of guardian spirit
Scrolls
 a - a scroll of amnesia {unknown}
 d - 2 scrolls of teleportation
 h - a scroll of blinking {unknown}
 k - 2 scrolls of noise {unknown}
 l - 3 scrolls of poison {unknown}
 n - 3 scrolls of vulnerability
 s - a scroll of fear {unknown}
 v - a scroll of brand weapon {unknown}
Potions
 e - 2 potions of curing
 g - a potion of heal wounds
 i - a potion of magic
 j - 2 potions of mutation
 m - 2 potions of lignification
 o - a potion of haste
 p - a potion of enlightenment
 r - a potion of attraction
 t - a potion of resistance


   Skills:
 + Level 7.9 Fighting
 + Level 2.4 Throwing
 + Level 0.5 Armour
 - Level 3.0 Dodging
 + Level 5.9 Shields
 * Level 12.5 Unarmed Combat
 + Level 1.3 Invocations


You had 9 spell levels left.
You didn't know any spells.
Your spell library contained the following spells:

 Spells                   Type           Power      Damage    Failure   Level
 Freeze                   Ice            0%         1d3       69%         1
 Kiss of Death            Conj/Necr      0%         2d5       69%         1
 Sandblast                Erth           0%         2d4       69%         1
 Passwall                 Tmut/Erth      0%         N/A       83%         2
 Poisonous Vapours        Pois/Air       0%         N/A       83%         2
 Confusing Touch          Hex            0%         N/A       96%         3
 Frozen Ramparts          Ice            0%         1d1       96%         3
 Hailstorm                Conj/Ice       0%         3d3       96%         3
 Mephitic Cloud           Conj/Pois/Air  0%         N/A       96%         3
 Stone Arrow              Conj/Erth      0%         3d7       96%         3
 Dispel Undead            Necr           0%         3d6       100%        4
 Manifold Assault         Tloc           0%         N/A       100%        4
 Freezing Cloud           Conj/Ice/Air   0%         6-21      100%        5
 Dispersal                Tloc           0%         N/A       100%        6
 Disjunction              Tloc           0%         N/A       100%        8


Dungeon Overview and Level Annotations

Branches:
Dungeon (8/15)             Temple (1/1) D:6
   Lair: D:8-11

Altars:
Ashenzari
Cheibriados
Dithmenos
Elyvilon
Gozag
Hepliaklqana
Kikubaaqudgha
Makhleb
Okawaru
Qazlal
Ru
Sif Muna
Trog
Uskayaw
Vehumet
Xom
Yredelemnul
The Shining One

Shops:
D:4 [?


Innate Abilities, Weirdness & Mutations

You are too large for most types of armour.
You have claws for hands.
Your natural rate of healing is unusually fast.
You are covered in fur. (AC +1)
You have tough skin. (AC +1)


Message History

You block the vampire mosquito's attack.
The vampire mosquito completely misses you.
The vampire mosquito closely misses you.
The vampire mosquito bites you!
* * * LOW HITPOINT WARNING * * *
The vampire mosquito draws strength from your injuries!
You feel much better.
Your surroundings seem slightly different.
The vampire mosquito bites you.
The vampire mosquito draws strength from your injuries!
As you read the scroll of teleportation, it crumbles to dust.
You feel strangely unstable. The vampire mosquito bites you.
The vampire mosquito draws strength from your injuries!
The vampire mosquito barely misses you. The vampire mosquito bites you.
* * * LOW HITPOINT WARNING * * *
The vampire mosquito draws strength from your injuries!
You block the vampire mosquito's attack.
The vampire mosquito bites you but does no damage.
The vampire mosquito bites you!
* * * LOW HITPOINT WARNING * * *
The vampire mosquito draws strength from your injuries!
The vampire mosquito bites you.
* * * LOW HITPOINT WARNING * * *
The vampire mosquito draws strength from your injuries!
The vampire mosquito attacks as it pursues you!
The vampire mosquito bites you!
* * * LOW HITPOINT WARNING * * *
The vampire mosquito draws strength from your injuries!
The vampire mosquito attacks as it pursues you!
The vampire mosquito bites you.
* * * LOW HITPOINT WARNING * * *
The vampire mosquito draws strength from your injuries!
The vampire mosquito bites you.
* * * LOW HITPOINT WARNING * * *
The vampire mosquito draws strength from your injuries!
The vampire mosquito bites you.
* * * LOW HITPOINT WARNING * * *
The vampire mosquito draws strength from your injuries!
The vampire mosquito bites you.
You die...

.### #.#
##......#######..#. .#
#.## ######............ .#
#..### ##........... .##
##...#### #........#.. ..#
##.....#####........#..
#.# #.....##........#..#.#
#.# #..>..##....)...#....#
#.###
#...y...........#.....
....#
#§..y@............#...
)).<#
####...y.##.###..##......
.<..#
##....######..............
..(.####..####
####..######...
.......####
###..............
....##....#
####.#.##########...
....#####.# #......# #...
....# #.####.##..#### #...
....# #.......†.....####
#...


You could see 3 vampire mosquitoes.

Vanquished Creatures
  Pikel (D:3)
  2 steam dragons
  A vampire mosquito (D:8)
  3 water moccasins
  Duvessa (D:4)
  An ice beast (D:8)
  A sky beast (D:7)
  3 black bears
  An ogre (D:5)
  2 lemures (D:3)
  A kobold brigand (D:6)
  2 bullfrogs (D:7)
  A scorpion (D:5)
  A wight (D:7)
  Dowan (D:4)
  2 howler monkeys (D:7)
  3 hounds
  4 quasits (D:6)
  3 orc priests
  3 jellies
  A sleepcap (D:7)
  2 iguanas (D:5)
  9 orc wizards
  8 gnolls
  6 adders
  5 shadow imps
  2 white imps
  5 ufetubi (D:5)
  3 worms
  3 dart slugs
  17 orcs
  3 endoplasms
  3 giant cockroaches
  4 goblins
  8 hobgoblins
  10 jackals
  4 quokkas
  8 ball pythons
  5 bats
  3 frilled lizards
  14 kobolds
  6 rats
166 creatures vanquished.

Vanquished Creatures (others)
  An ufetubus (D:6)
1 creature vanquished.

Grand Total: 167 creatures vanquished

Notes
Turn   | Place    | Note
-------+----------+-------------------------------------------
     0 | D:1      | ryw the Troll Fighter began the quest for the Orb.
     0 | D:1      | Reached XP level 1. HP: 22/22 MP: 0/0
   121 | D:1      | Reached XP level 2. HP: 29/29 MP: 1/1
   431 | D:1      | Reached XP level 3. HP: 36/36 MP: 2/2
   813 | D:2      | Reached skill level 3 in Unarmed Combat
  1000 | D:2      | Reached XP level 4. HP: 44/44 MP: 3/3
  1597 | D:3      | Found a shimmering altar of Xom.
  1999 | D:4      | Found Liarghim's Armour Shop.
  2057 | D:4      | Reached XP level 5. HP: 53/53 MP: 4/4
  2077 | D:4      | Found Yzxoa's Magic Scroll Shop.
  2085 | D:4      | Bought a scroll of teleportation for 33 gold pieces
  2085 | D:4      | Bought a scroll of teleportation for 33 gold pieces
  2106 | D:4      | Bought a scroll of identify for 22 gold pieces
  2106 | D:4      | Bought a scroll of identify for 22 gold pieces
  2181 | D:4      | Noticed Dowan
  2182 | D:4      | Noticed Duvessa
  2264 | D:4      | Noticed a lemure
  2266 | D:4      | Noticed a lemure
  2267 | D:4      | Noticed a lemure
  2334 | D:3      | Killed a lemure
  2339 | D:4      | Noticed Pikel
  2357 | D:3      | Killed a lemure
  2463 | D:4      | Noticed a lemure
  2476 | D:3      | Killed Pikel
  2477 | D:3      | Reached skill level 5 in Unarmed Combat
  2477 | D:3      | Reached XP level 6. HP: 33/62 MP: 5/5
  2477 | D:3      | Reached XP level 7. HP: 36/68 MP: 6/6
  2959 | D:4      | Killed Duvessa
  2974 | D:4      | Killed Dowan
  2975 | D:4      | Reached skill level 6 in Unarmed Combat
  3204 | D:4      | Bought a scroll of identify for 22 gold pieces
  3217 | D:5      | Entered Level 5 of the Dungeon
  3441 | D:5      | Found a burning altar of Makhleb.
  3662 | D:5      | Found a white marble altar of Elyvilon.
  3700 | D:5      | Reached skill level 5 in Shields
  3700 | D:5      | Reached XP level 8. HP: 75/79 MP: 7/7
  3982 | D:5      | Reached skill level 7 in Unarmed Combat
  4476 | D:6      | Reached skill level 1 in Throwing
  4546 | D:5      | Reached skill level 12 in Unarmed Combat
  4546 | D:5      | Reached XP level 9. HP: 93/93 MP: 8/8
  4841 | D:6      | Found a staircase to the Ecumenical Temple.
  4859 | Temple   | Entered the Ecumenical Temple
  4918 | D:6      | Found an iron altar of Okawaru.
  4937 | D:6      | Became a worshipper of Warmaster Okawaru
  5299 | D:7      | Reached * piety under Okawaru
  5300 | D:7      | Reached XP level 10. HP: 87/104 MP: 9/9
  5477 | D:7      | Reached skill level 1 in Invocations
  5575 | D:7      | Found a radiant altar of Vehumet.
  5584 | D:7      | Found an ancient bone altar of Kikubaaqudgha.
  5609 | D:7      | Found a shimmering blue altar of Sif Muna.
  5900 | D:7      | HP: 5/102 [vampire mosquito (1)]
  5900 | D:7      | HP: 2/102 [vampire mosquito (3)]
  5900 | D:7      | Slain by a vampire mosquito

Illustrated notes

Levels and vault maps discovered:
D:1:      heliophobic_arrival_ceremonial_halls, layout_loops_ring
D:2:      layout_loops_ring, kennysheep_generic_room_16
D:3:      layout_basic, mainiacjoe_overflow_concentric_impassable
D:4:      layout_loops_ring, serial_shops, shop, shop, uniq_pikel, uniq_duvessa
D:5:      layout_basic, makhleb_heckhound_becter,
          mainiacjoe_overflow_cross_hatched
D:6:      layout_rooms, okawaru_altar_gauntlet_db,
          minmay_temple_entry_sparse_star, serial_demonic, serial_demonic_e,
          serial_demonic_f, serial_demonic_d, serial_demonic_b,
          serial_demonic_a, serial_demonic_b
D:7:      layout_rooms, palyth_temple_overflow_mages, minmay_misc_feat_columns
D:8:      layout_basic, serial_shops, shop, nicolae_elevator_lobby_plus,
          uniq_grum
Temple:   nicolae_temple_bog_church

Skill      XL: |  1  2  3  4  5  6  7  8  9 10 |
---------------+-------------------------------+-----
Shields        | 3 4 5 |  5.9
Unarmed Combat | 3 5 6 12 | 12.5
Fighting       | 3 4 7 |  7.9
Dodging        | 3 |  3.0
Throwing       | 1 2 |  2.4
Invocations    | 1 |  1.3
Armour         | |  0.5

Action                     |  1- 3 |  4- 6 |  7- 9 | 10-12 || total
---------------------------+-------+-------+-------+-------++-------
  Melee: Unarmed           |   122 |   134 |   184 |    56 ||   496
  Throw: Dart              |       |       |     3 |       ||     3
    Use: Scroll            |     2 |     4 |     6 |     2 ||    14
         Potion            |       |     1 |     2 |     2 ||     5
   Stab: Sleeping          |       |       |     1 |       ||     1
 Armour: Robe              |    47 |    23 |    52 |     1 ||   123
         Steam dragon scal |       |       |       |    24 ||    24
  Dodge: Dodged            |    46 |    43 |    80 |    31 ||   200
  Block: Kite shield       |    37 |    46 |    94 |    33 ||   210

Table legend: (Time is in decaauts)
 A = Elapsed time spent in this place.
 B = Non-inter-level travel time spent in this place.
 C = Inter-level travel time spent in this place.
 D = Time resting spent in this place.
 E = Time spent auto-exploring this place.
 F = Levels seen in this place.
 G = Mean time per level.
                   A        B        C        D        E       F      G
               +--------+--------+--------+--------+--------+-----+--------+
         Total |   5916 |   5475 |    441 |    766 |   3374 |   9 |  657.3 |
       Dungeon |   5914 |   5473 |    441 |    766 |   3374 |   8 |  739.2 |
        Temple |      1 |      1 |      0 |      0 |      0 |   1 |    1.0 |
               +--------+--------+--------+--------+--------+-----+--------+

Top non-repeatable levels by time:
     D:5: 1246 daAuts
     D:4: 985 daAuts
     D:3: 943 daAuts
     D:2: 777 daAuts
     D:1: 705 daAuts
     D:7: 663 daAuts
     D:6: 509 daAuts
     D:8: 82 daAuts
  Temple: 1 daAuts
